 Dungeon Crawl Stone Soup version 0.31-a0-424-g41b3b0883d (webtiles) character file.

Game seed: 2097580609207251036

7576 Grim the Cleaver (level 11, -2/90 HPs)
             Began as a Formicid Fighter on July 30, 2023.
             Was a Believer of the Shining One.
             Slain by a two-headed ogre
             ... wielding a +0 giant club
              (24 damage)
             ... on level 9 of the Dungeon.
             The game lasted 00:15:21 (9705 turns).

Grim the Cleaver (Formicid Fighter)                 Turns: 9705, Time: 00:15:21

Health: -2/90      AC: 10    Str: 24    XL:     11   Next: 39%
Magic:  0/11       EV: 14    Int:  9    God:    the Shining One [**....]
Gold:   581        SH: 13    Dex: 13    Spells: 10/10 levels left

rFire   + . .        a - +0 war axe
rCold   . . .        C - +2 kite shield {rN+}
rNeg    + + .        F - +1 scale mail {rF+}
rPois   .            (helmet unavailable)
rElec   .            (no cloak)
rCorr   .            s - +0 pair of gloves
SInv    +            q - +0 pair of boots
Will    +....        t - amulet of guardian spirit Stlth
                     (no ring)
HPRegen 0.35/turn    B - +5 ring of evasion
MPRegen 0.12/turn

%: guardian spirit
@: glowing
A: permanent stasis, dig shafts and tunnels, antennae 3, four strong arms
a: Dig, Shaft Self, Renounce Religion, Divine Shield


You were on level 9 of the Dungeon.
You worshipped the Shining One.
The Shining One was pleased with you.
You visited 2 branches of the dungeon, and saw 11 of its levels.

You collected 581 gold pieces.

Inventory:

Hand Weapons
 a - a +0 war axe (weapon)
 x - the +4 flail of Biw Jukk {antimagic, rF+++ rC- Will++ Str-4}
   (You found it on level 4 of the Dungeon)

   Str:       It affects your strength (-4).
   rF:        It renders you almost immune to fire.
   rC:        It makes you vulnerable to cold.
   Will:      It greatly increases your willpower.
Armour
 k - a +0 chain mail
 q - a +0 pair of boots (worn)
 s - a +0 pair of gloves (worn)
 C - a +2 kite shield of positive energy (worn)
 F - a +1 scale mail of fire resistance (worn)
Jewellery
 f - an amulet of faith
 h - a ring of fire
 i - a ring of wizardry
 l - the ring "Mamucearao" {Fly rPois rC+ Will-}
   (You found it on level 2 of the Dungeon)

   [ring of protection from cold]

   rC:        It protects you from cold.
   rPois:     It protects you from poison.
   Fly:       It grants you flight.
   Will:      It decreases your willpower.
 t - an amulet of guardian spirit (around neck)
 B - a +5 ring of evasion (right hand)
Wands
 d - a wand of roots (11)
 A - a wand of flame (45)
Scrolls
 b - 2 scrolls of enchant weapon
 c - a scroll of amnesia {unknown}
 e - 2 scrolls of blinking
 g - 2 scrolls of fear {unknown}
 n - 3 scrolls of teleportation
 r - 4 scrolls of immolation
 w - 2 scrolls of fog {unknown}
 y - a scroll of vulnerability {unknown}
 H - a scroll of identify
 I - a scroll of noise {unknown}
Potions
 j - 4 potions of enlightenment
 m - a potion of cancellation
 o - a potion of resistance
 p - a potion of curing
 u - a potion of lignification {unknown}
 v - a potion of magic
 z - a potion of haste
 D - a potion of degeneration {unknown}
 E - a potion of attraction {unknown}
 G - a potion of mutation {unknown}


   Skills:
 * Level 9.7 Fighting
 * Level 13.0 Axes
 - Level 3.2 Armour
 - Level 10.1 Shields


You had 10 spell levels left.
You didn't know any spells.
Your spell library contained the following spells:

 Spells                   Type           Power      Damage    Failure   Level
 Lesser Beckoning         Tloc           0%         N/A       95%         2
 Scorch                   Fire           0%         2d5       95%         2
 Gell's Gravitas          Tloc           0%         N/A       99%         3
 Teleport Other           Tloc           0%         N/A       99%         3
 Flame Wave               Conj/Fire      0%         2d4       100%        4
 Summon Cactus Giant      Summ           0%         N/A       100%        6


Dungeon Overview and Level Annotations

Branches:
Dungeon (10/15)            Temple (1/1) D:6            Lair (0/5) D:10
    Orc: D:9-12

Altars:
Ashenzari
Cheibriados
Dithmenos
Elyvilon
Fedhas
Hepliaklqana
Makhleb
Nemelex Xobeh
Okawaru
Qazlal
Ru
Sif Muna
Trog
Uskayaw
Vehumet
Wu Jian
Xom
Yredelemnul
Zin
The Shining One

Shops:
D:9 *

Annotations:
D:9 3 runed translucent doors, hackon's ghost, journeyman OgFE


Innate Abilities, Weirdness & Mutations

You cannot be hasted, slowed, berserked, paralysed or teleported.
You can dig through walls and to a lower floor.
You have a pair of large antennae on your head. (SInv)
Your four strong arms can wield two-handed weapons with a shield.


Message History

The vampire mosquito closely misses you.
You slash the two-headed ogre!
The two-headed ogre is moderately wounded.
You hit the vampire mosquito but do no damage. x2
The vampire mosquito barely misses you.
You block the vampire mosquito's attack. x2
The vampire mosquito closely misses you.
The two-headed ogre hits you with a +0 giant club!!
* * * LOW HITPOINT WARNING * * *
The two-headed ogre hits you with a +0 giant club!
* * * LOW HITPOINT WARNING * * *
You block the vampire mosquito's attack. x2
The vampire mosquito bites you!
* * * LOW HITPOINT WARNING * * *
The vampire mosquito draws strength from your injuries!
You block the vampire mosquito's attack.
You climb upwards.
Level annotation: 3 runed translucent doors, hackon's ghost, journeyman OgFE
There is a stone staircase leading down here.
You are too injured to fight recklessly!
You are too injured to fight recklessly!
You are too injured to fight recklessly!
Unknown command.
You hit the two-headed ogre.
The two-headed ogre is moderately wounded.
You hit the vampire mosquito. You slash the vampire mosquito!
The vampire mosquito bites you.
* * * LOW HITPOINT WARNING * * *
The vampire mosquito closely misses you.
You block the two-headed ogre's attack.
The two-headed ogre hits you with a +0 giant club!
* * * LOW HITPOINT WARNING * * *
The vampire mosquito bites you!
* * * LOW HITPOINT WARNING * * *
Unknown command.
You feel better.
You block the vampire mosquito's attack. x2
The vampire mosquito barely misses you. You block the two-headed ogre's attack.
The two-headed ogre hits you with a +0 giant club!!
You die...

....................# #.#
####.....##......#..####.#
####.##.####.............#
..##.##.# #.....#.#######
#.##.##.####.....#.#
.............#...#.#
#.##.##.####.#...#.#########
.....##.####.#.Oy#.........#
...#...........y@#########.#
#.##.##.####.#.### #.#
#.##.##.# #.#.# #.# ........#
#.#.# #.# #.##.#### #.#.# #.#
...#.# #.#.######## #.#
..##.#######.#........####.###
####............≈...≈........#
####........◎#........########


You could see a two-headed ogre and 2 vampire mosquitoes.

Vanquished Creatures
  Maggie (D:7)
  A troll (D:7)
  Prince Ribbit (D:6)
  9 yaks
  A wyvern (D:10)
  2 steam dragons (D:8)
  Menkaure (D:5)
  2 acid dragons
  5 vampire mosquitoes (D:10)
  A water moccasin (D:7)
  2 ice beasts (D:7)
  An orc warrior (D:8)
  2 black bears
  4 ogres
  4 centaurs
  2 phantoms
  4 bullfrogs
  A gnoll sergeant (D:4)
  A necrophage (D:5)
  5 scorpions
  11 wights
  4 killer bees (D:9)
  4 howler monkeys
  3 centaur zombies (D:5)
  3 bullfrog zombies (D:5)
  4 crimson imps (D:3)
  4 jellies
  A human zombie (D:5)
  2 hounds
  2 orc priests
  4 sleepcaps
  A gnoll bouda (D:6)
  An iguana (D:7)
  6 orc wizards
  2 mummies (D:5)
  14 gnolls
  8 adders
  A shadow imp (D:5)
  An ufetubus (D:6)
  5 dart slugs
  26 orcs
  4 endoplasms
  A giant cockroach (D:1)
  6 goblins
  13 hobgoblins
  5 jackals (D:4)
  4 quokkas
  8 ball pythons
  4 bats
  2 frilled lizards
  7 kobolds
  6 rats
217 creatures vanquished.

Notes
Turn   | Place    | Note
-------+----------+-------------------------------------------
     0 | D:1      | Grim the Formicid Fighter began the quest for the Orb.
     0 | D:1      | Reached XP level 1. HP: 18/18 MP: 1/1
   106 | D:1      | Reached XP level 2. HP: 14/24 MP: 2/2
   229 | D:1      | Found a faded altar of an unknown god.
   447 | D:1      | Reached XP level 3. HP: 29/29 MP: 3/3
   480 | D:1      | Reached skill level 3 in Axes
   858 | D:2      | Identified the ring "Mamucearao" {Fly rPois rC+ Will-}
  1068 | D:2      | Reached XP level 4. HP: 35/35 MP: 4/4
  1490 | D:3      | Reached skill level 4 in Axes
  1490 | D:3      | Reached skill level 5 in Shields
  1496 | D:3      | Reached XP level 5. HP: 5/41 MP: 5/5
  2025 | D:3      | Reached XP level 6. HP: 40/47 MP: 6/6
  2097 | D:3      | Reached skill level 5 in Axes
  2465 | D:3      | Found a shimmering altar of Xom.
  2677 | D:4      | Noticed a +0 falchion
  2677 | D:4      | Noticed a +0 dagger
  2677 | D:4      | Noticed a +0 dagger
  2681 | D:4      | Noticed a +0 short sword
  2681 | D:4      | Noticed a +0 short sword
  2681 | D:4      | Noticed a +0 spear
  2682 | D:4      | Noticed a +0 spear
  2684 | D:4      | Noticed a +0 falchion
  2693 | D:4      | Found a hide-covered altar of Uskayaw.
  2844 | D:4      | Noticed a black bear
  2844 | D:4      | Noticed an ogre
  2855 | D:4      | Killed an ogre
  2856 | D:4      | Reached skill level 6 in Axes
  2856 | D:4      | Reached XP level 7. HP: 20/52 MP: 2/7
  3005 | D:4      | Identified the +4 flail of Biw Jukk {antimagic, rF+++ rC-
                  | Will++ Str-4}
  3326 | D:5      | Entered Level 5 of the Dungeon
  3492 | D:5      | Noticed Menkaure
  3502 | D:5      | Killed Menkaure
  3512 | D:5      | Reached skill level 7 in Axes
  3512 | D:5      | Reached XP level 8. HP: 50/58 MP: 2/8
  3694 | D:5      | Found a sacrificial altar of Ru.
  4251 | D:5      | Reached skill level 8 in Axes
  4388 | D:5      | Found a basalt altar of Yredelemnul.
  4485 | D:4      | Reached XP level 9. HP: 51/64 MP: 3/9
  4679 | D:6      | Reached skill level 9 in Axes
  4849 | D:6      | Found an ornate altar of the Wu Jian Council.
  4884 | D:6      | Noticed Prince Ribbit
  4961 | D:6      | Killed Prince Ribbit
  5141 | D:6      | Reached skill level 10 in Axes
  5172 | D:6      | Reached skill level 10 in Shields
  5336 | D:6      | Found a staircase to the Ecumenical Temple.
  5347 | Temple   | Entered the Ecumenical Temple
  5364 | Temple   | Became a worshipper of the Shining One
  5812 | D:7      | Noticed a troll
  5828 | D:7      | Killed a troll
  5834 | D:7      | Reached XP level 10. HP: 46/73 MP: 3/10
  6112 | D:7      | Reached skill level 5 in Fighting
  6144 | D:7      | Reached skill level 11 in Axes
  6213 | D:7      | Noticed Maggie
  6237 | D:7      | Killed Maggie
  7247 | D:8      | Reached * piety under the Shining One
  8269 | D:9      | Found a runed translucent gate.
  8269 | D:9      | Found a runed translucent gate.
  8270 | D:9      | Found a runed translucent gate.
  8270 | D:9      | Noticed hackon's ghost (journeyman OgFE)
  8342 | D:9      | Reached skill level 12 in Axes
  8352 | D:9      | Reached XP level 11. HP: 75/86 MP: 9/11
  8848 | D:9      | Found Conguxto's Elemental Accessories.
  9337 | D:10     | Entered Level 10 of the Dungeon
  9433 | D:10     | Found a staircase to the Lair.
  9563 | D:10     | Found a stormy altar of Qazlal.
  9588 | D:10     | Reached skill level 13 in Axes
  9694 | D:10     | Noticed a two-headed ogre
  9696 | D:10     | Reached ** piety under the Shining One
  9705 | D:9      | Slain by a two-headed ogre

Illustrated notes

Levels and vault maps discovered:
D:1:      eino_arrival_water_star, layout_loops_cross,
          hellmonk_ecumenical_altar_prayer_group
D:2:      layout_basic
D:3:      layout_basic, led_xom_imps
D:4:      layout_rooms, nicolae_uskayaw_en_pointe
D:5:      layout_cave_pools, lemuel_mausoleum_altar_yredelemnul,
          nicolae_ru_sacrificial_ziggurat, uniq_menkaure
D:6:      layout_basic, nzn_wu_jian_contemplation,
          minmay_temple_entry_gardened_gates, uniq_prince_ribbit1
D:7:      layout_loops_ring, hangedman_abyss_or_decor_passed,
          hangedman_abyss_or_decor_lesser_grid, uniq_maggie
D:8:      layout_basic
D:9:      layout_basic, ebering_ghost_rock_garden, nicolae_elemental_shop
D:10:     layout_loops_cross, nicolae_gozag_seed_capital,
          overflow_temple_1_default, nicolae_qazlal_style_of_elements,
          lair_entry_dummy, orc_0_dummy
Temple:   jpeg_temple_clearing

Skill      XL: |  1  2  3  4  5  6  7  8  9 10 11 |
---------------+----------------------------------+-----
Axes           | 3 4 6 7 8 10 12 13 | 13.0
Shields        | 5 6 7 8 10 | 10.1
Fighting       | 4 8 9 |  9.7
Armour         | |  3.2

Action                     |  1- 3 |  4- 6 |  7- 9 | 10-12 || total
---------------------------+-------+-------+-------+-------++-------
  Melee: War axe           |    81 |   183 |    23 |   300 ||   587
         Flail             |       |       |   284 |       ||   284
Ability: Dig               |       |       |     1 |       ||     1
    Use: Potion            |       |     2 |       |     6 ||     8
         Scroll            |       |       |       |     6 ||     6
 Armour: Scale mail        |    32 |       |       |    39 ||    71
         Chain mail        |    11 |   113 |   150 |    58 ||   332
  Dodge: Dodged            |    36 |    66 |   106 |   139 ||   347
  Block: Buckler           |    21 |    48 |    62 |       ||   131
         Kite shield       |       |       |    78 |   231 ||   309

Table legend: (Time is in decaauts)
 A = Elapsed time spent in this place.
 B = Non-inter-level travel time spent in this place.
 C = Inter-level travel time spent in this place.
 D = Time resting spent in this place.
 E = Time spent auto-exploring this place.
 F = Levels seen in this place.
 G = Mean time per level.
                   A        B        C        D        E       F      G
               +--------+--------+--------+--------+--------+-----+--------+
         Total |   9848 |   9595 |    253 |   2053 |   5642 |  11 |  895.3 |
       Dungeon |   9811 |   9558 |    253 |   2053 |   5642 |  10 |  981.1 |
        Temple |     36 |     36 |      0 |      0 |      0 |   1 |   36.0 |
               +--------+--------+--------+--------+--------+-----+--------+

Top non-repeatable levels by time:
     D:5: 1333 daAuts
     D:7: 1239 daAuts
     D:9: 1204 daAuts
     D:3: 1197 daAuts
     D:6: 1117 daAuts
     D:8: 1108 daAuts
     D:1: 866 daAuts
     D:4: 832 daAuts
     D:2: 549 daAuts
    D:10: 363 daAuts
  Temple: 36 daAuts
